AoeStats
← Launger

African Clearing

510319849Analyzed
4v4 RM · 3d ago on Sep 30, 2026· 58m 7s· 8 players
Game mode
Random Map
Map size
Large (8 player)
Population
200
Speed
Normal
Resources
Standard
Victory
Conquest
Starting age
Dark Age
Ending age
Imperial Age
RankedLock teamsTeams togetherTeam positionsShared explorationLock speedFull tech treeHidden civsTurbo modeCheats
Victory
Defeat
🇩🇪 Lithuanians · Germany
1202
+16
1201
+16
🇦🇿 Shu · Azerbaijan
1195
+16
🇦🇷 Franks · Argentina
1192
+16
🇨🇳 Spanish · China
1221
-17
🇹🇷 Japanese · Türkiye
1206
-16
🇨🇳 Goths · China
1196
-16
🇵🇱 Hindustanis · Poland
1161
-15
KZA
4:39 Loom
14:51 Feudal Age
19:41 Castle Age
18:01 Double-Bit Axe
20:39 Husbandry
46:34 Imperial Age
44:14 Scale Barding Armor
44:19 Forging
44:14 Scale Barding Armor
44:27 Forging
46:25 Chain Barding Armor
46:41 Iron Casting
Greiffović
4:06 Loom
13:49 Feudal Age
17:59 Fletching
21:00 Wheelbarrow
24:41 Castle Age
23:18 Padded Archer Armor
24:00 Horse Collar
24:14 Gold Mining
24:47 Double-Bit Axe
25:14 Forging
25:16 Crossbowman
31:38 Husbandry
33:19 Fervor
34:10 Bloodlines
35:28 Bow Saw
35:44 Elite Skirmisher
37:39 Scale Barding Armor
40:13 Iron Casting
39:33 Bodkin Arrow
43:40 Imperial Age
41:50 Chain Barding Armor
42:11 Stone Mining
42:34 Hill Forts
42:51 Leather Archer Armor
43:23 Thumb Ring
43:26 Heavy Plow
44:45 Stone Shaft Mining
43:54 Imperial Skirmisher
45:05 Ring Archer Armor
45:11 Plate Barding Armor
44:37 Bracer
43:58 Cavalier
45:09 Crop Rotation
45:42 Two-Man Saw
45:14 Conscription
45:25 Paladin
46:07 Scale Mail Armor
46:21 Fortified Wall
49:03 Chain Mail Armor
49:50 Chemistry
49:02 Tower Shields
50:49 Hoardings
50:50 Ballistics
52:01 Murder Holes
51:47 Treadmill Crane
52:17 Masonry
I have Gun
5:16 Loom
8:06 Loom
13:56 Feudal Age
15:46 Double-Bit Axe
19:53 Castle Age
21:12 Thumb Ring
20:29 Crossbowman
25:34 Fletching
25:44 Padded Archer Armor
26:15 Bodkin Arrow
26:42 Horse Collar
29:14 Ballistics
29:12 Medium Warships
34:31 Leather Archer Armor
35:21 Medium Warships
38:34 Imperial Age
37:09 Wheelbarrow
39:20 Hand Cart
40:29 Bow Saw
40:12 Gold Mining
40:07 Arbalester
42:38 Bolt Magazine
42:59 Conscription
44:26 Scale Barding Armor
44:31 Forging
44:22 Bracer
44:52 Ring Archer Armor
45:41 Heavy Hei Guang Cavalry
46:21 Husbandry
52:15 Chain Barding Armor
58:22 Caravan
Der unglaubliche Horst™
8:48 Loom
13:34 Feudal Age
14:11 Double-Bit Axe
17:15 Castle Age
15:43 Gold Mining
20:52 Bow Saw
21:36 Wheelbarrow
22:30 Horse Collar
23:17 Heavy Plow
23:56 Hand Cart
27:06 Stone Mining
27:50 Bloodlines
27:48 Town Watch
29:27 Scale Barding Armor
29:35 Town Patrol
30:13 Husbandry
33:37 Chain Barding Armor
33:28 Forging
33:07 Arson
34:15 Fletching
36:58 Bodkin Arrow
42:24 Imperial Age
41:14 Iron Casting
41:28 Squires
42:33 Ballistics
42:45 Capped Ram
44:27 Chemistry
43:33 Bracer
44:09 Plate Barding Armor
44:07 Onager
45:49 Elite Rattan Archer
48:51 Padded Archer Armor
49:58 Coinage
50:44 Elite Battle Elephant
52:51 Leather Archer Armor
53:05 Paper Money
52:47 Chatras
57:12 Ring Archer Armor
Launger
6:37 Loom
13:34 Feudal Age
15:00 Double-Bit Axe
17:38 Castle Age
18:57 Forging
29:31 Elite Skirmisher
31:57 Bow Saw
32:35 Fletching
32:45 Padded Archer Armor
33:32 Padded Archer Armor
38:04 Scale Barding Armor
38:34 Iron Casting
40:44 Chain Barding Armor
44:37 Bodkin Arrow
44:57 Leather Archer Armor
45:33 Thumb Ring
45:51 Ballistics
46:09 Bloodlines
46:00 Husbandry
53:40 Imperial Age
51:06 Stone Mining
53:55 Wheelbarrow
54:00 Gold Mining
54:45 Stone Shaft Mining
56:56 Gold Shaft Mining
57:22 Plate Barding Armor
57:47 Blast Furnace
58:03 Blast Furnace
57:03 Bracer
yenese
13:53 Feudal Age
15:01 Loom
15:27 Double-Bit Axe
17:44 Castle Age
15:49 Horse Collar
16:52 Fletching
18:50 Bow Saw
26:15 Bloodlines
27:30 Bodkin Arrow
29:20 Heavy Plow
31:36 Ballistics
33:38 Wheelbarrow
33:36 Thumb Ring
34:08 Padded Archer Armor
33:29 Elite Skirmisher
38:48 Imperial Age
39:56 Parthian Tactics
39:34 Bracer
40:29 Heavy Cavalry Archer
41:26 Leather Archer Armor
41:16 Scale Barding Armor
42:48 Ring Archer Armor
42:28 Forging
42:24 Husbandry
43:13 Hand Cart
43:09 Cavalier
43:14 Pikeman
43:55 Squires
43:40 Gambesons
43:41 Arson
43:58 Scale Mail Armor
44:08 Forging
44:05 Capped Ram
46:18 Iron Casting
45:59 Chain Mail Armor
45:37 Town Watch
46:47 Halberdier
46:47 Man-at-Arms
51:55 Yasama
52:22 Conscription
53:45 Chemistry
54:29 Light Cavalry
55:43 Heavy Scorpion
会做梦的懒猪
4:05 Loom
16:41 Feudal Age
20:20 Castle Age
18:33 Double-Bit Axe
18:31 Horse Collar
21:24 Wheelbarrow
21:43 Bow Saw
25:15 Hand Cart
28:37 Pikeman
29:18 Squires
34:05 Imperial Age
32:40 Forging
32:30 Scale Mail Armor
36:02 Conscription
35:43 Anarchy
35:45 Perfusion
36:28 Halberdier
46:22 Heavy Plow
48:11 Crop Rotation
48:29 Anarchy
47:50 Elite Huskarl
51:04 Chain Mail Armor
风花雪月
15:04 Feudal Age
19:04 Castle Age
17:50 Double-Bit Axe
18:52 Horse Collar
22:48 Padded Archer Armor
24:38 Leather Archer Armor
25:44 Heavy Plow
26:45 Bloodlines
30:48 Wheelbarrow
30:27 Bow Saw
31:45 Fletching
33:06 Husbandry
38:43 Imperial Age
35:47 Elite Skirmisher
36:32 Bodkin Arrow
37:52 Hand Cart
37:24 Loom
37:30 Town Watch
39:54 Ballistics
40:02 Conscription
40:01 Bracer
40:31 Ring Archer Armor
42:10 Chemistry
44:19 Cavalier
44:22 Light Cavalry
47:17 Two-Man Saw
46:10 Gold Mining
46:11 Stone Mining
47:43 Scale Mail Armor
47:54 Forging
47:16 Pikeman
47:57 Squires
47:46 Halberdier
48:15 Gambesons
49:05 Chain Mail Armor
50:52 Plate Mail Armor
50:57 Iron Casting
52:59 Scale Barding Armor
53:55 Blast Furnace
52:18 Paladin
56:20 Chain Barding Armor
58:49 Plate Barding Armor
Connection lost

Rejoining the realm…

Still unreachable

The connection could not be restored.

Session expired

The server has moved on; the page needs a fresh start.